Map: Lost and Found LE

Players

Rail

  • Race: Protoss Protoss
  • League: Master
  • Spawn Location: 1:00

Cure - Winner!

  • Race: Terran Terran
  • League: Master
  • Spawn Location: 7:00

Event: HomeStory Cup XVIII

VOD

Have the link to the VOD?

Description

Time

  • Played on: Nov. 22, 2018, 6:49 a.m.
  • Length: 9:38

All games in this series

Show
View Real Time Build Order
Export as new Build Order

Rail Protoss 

Build Orders: 1 Gate Expand, Blink Stalkers 

Get SALT Encoding   

  12  0:00  Probe  
  13  0:12  Probe  
  14  0:19  Pylon  
  14  0:24  Probe  
  15  0:33  Probe  
  15  0:38  Gateway  
  15  0:41  Probe  
  16  0:47  Assimilator  
  17  0:52  Probe  
  18  1:04  Probe  
  19  1:20  Nexus  
  19  1:29  Cybernetics Core  
  19  1:31  Probe  
  20  1:37  Assimilator  
  20  1:43  Probe  
  21  1:47  Pylon  
  21  1:52  Probe  
  21  1:56  Stalker  
  21  2:00  Probe  
  22  2:07  Warp Gate  
  25  2:10  Probe  
  26  2:22  Probe  
  27  2:25  Stalker  
  29  2:33  Twilight Council  
  29  2:34  Probe  
  30  2:37  Probe  
  31  2:45  Probe  
  31  2:47  Probe  
  33  2:52  Blink  
  33  2:54  Probe  
  33  2:55  Stalker  
  35  2:59  Probe  
  35  3:04  Probe  
  38  3:14  Probe  
  38  3:15  Probe  
  39  3:26  Probe  
  40  3:27  Pylon  
  40  3:28  Probe  
  40  3:30  Gateway  
  41  3:36  Gateway  
  41  3:47  Probe  
  42  3:51  Pylon  
  42  3:53  Probe  
  43  4:00  Probe  
  44  4:07  Nexus  
  44  4:09  Stalker  
  46  4:13  Probe  
  46  4:15  Pylon  
  46  4:16  Probe  
  47  4:25  Robotics Facility  
  47  4:26  Probe  
  47  4:29  Probe  
  49  4:35  Stalker  
  49  4:38  Gateway  
  51  4:39  Stalker  
  51  4:41  Charge  
  51  4:44  Stalker  
  55  4:51  Gateway  
  55  4:57  Gateway  
  55  4:59  Probe x2  
  57  5:03  Stalker  
  59  5:07  Stalker  
  59  5:11  Probe  
  59  5:12  Probe  
  59  5:13  Warp Prism  
  63  5:21  Stalker  
  65  5:22  Probe  
  65  5:23  Probe  
  65  5:26  Probe  
  70  5:35  Probe  
  71  5:37  Pylon  
  71  5:42  Probe  
  72  5:43  Pylon  
  72  5:49  Probe  
  73  5:50  Probe  
  73  5:51  Zealot, Sentry  
  73  5:52  Zealot x2  
  73  5:53  Zealot  
  73  5:56  Probe  
  85  5:57  Pylon  
  85  5:58  Zealot  
  85  6:02  Robotics Bay  
  87  6:05  Pylon, Observer  
  87  6:08  Probe x2  
  90  6:17  Zealot x5  
  98  6:21  Zealot  
  100  6:26  Warp Prism  
  100  6:30  Probe  
  103  6:34  Pylon  
  103  6:39  Stalker  
  105  6:40  Zealot x4  
  105  6:44  Pylon  
  105  6:45  Zealot  
  115  6:47  Colossus  
  115  6:48  Probe  
  115  6:50  Assimilator  
  115  6:52  Assimilator  
  116  6:58  Shield Battery, Probe x2  
  118  7:06  Extended Thermal Lance  
  118  7:07  Probe  
  125  7:10  Probe  
  125  7:12  Probe  
  125  7:14  Pylon  
  127  7:17  Pylon  
  127  7:18  Pylon  
  127  7:21  Forge  
  127  7:23  Forge  
  127  7:26  Assimilator, Probe  
  127  7:27  Assimilator  
  128  7:34  Protoss Ground Weapons Level 1  
  128  7:35  Colossus  
  128  7:36  Probe  
  128  7:37  Protoss Ground Armor Level 1  
  128  7:42  Pylon  
  128  7:44  Pylon  
  134  7:51  Sentry, Stalker  
  134  7:52  Zealot x2  
  142  8:01  Pylon, Zealot x2  
  144  8:07  Pylon  
  144  8:12  Pylon  
  136  8:13  Zealot x2  
  136  8:14  Zealot  
  134  8:22  Zealot x2  
  134  8:23  Zealot  
  118  8:30  Immortal  
  122  8:34  Stalker  
  122  8:35  Stalker x2  
  126  8:43  Zealot x2, Stalker  
  114  8:58  Zealot x2, Stalker  
  120  9:09  Zealot x2, Sentry  
  112  9:19  Stalker  
  112  9:20  Stalker  
  112  9:21  Zealot  
  118  9:27  Nexus  
Show
View Real Time Build Order
Export as new Build Order

Cure Terran - Winner!

Build Orders: Reaper Expand 

Get SALT Encoding   

  12  0:00  SCV  
  13  0:12  SCV  
  14  0:17  Supply Depot  
  14  0:24  SCV  
  15  0:38  SCV  
  15  0:40  Barracks  
  16  0:42  Refinery  
  16  0:51  SCV  
  17  1:03  SCV  
  18  1:15  SCV  
  19  1:27  Reaper, Orbital Command  
  20  1:41  Command Center  
  20  1:53  SCV  
  21  1:56  Supply Depot  
  21  1:59  Reaper  
  22  2:04  Refinery  
  22  2:06  SCV  
  23  2:18  SCV  
  23  2:20  Factory  
  24  2:30  SCV  
  24  2:33  Barracks Tech Lab  
  24  2:34  Barracks  
  25  2:42  SCV  
  26  2:54  Orbital Command  
  26  2:55  SCV  
  26  3:03  Barracks Reactor  
  26  3:07  SCV  
  26  3:09  Cyclone  
  30  3:19  SCV  
  32  3:20  SCV  
  32  3:22  Barracks Tech Lab  
  32  3:23  Barracks  
  32  3:32  SCV x2  
  34  3:36  Supply Depot  
  34  3:41  Marine x2  
  34  3:44  SCV x2  
  34  3:48  Marine  
  41  3:55  Siege Tank  
  41  3:56  SCV x2  
  41  3:58  Bunker, Stimpack  
  41  4:00  Engineering Bay  
  41  4:02  Marine x2  
  45  4:06  Marauder  
  45  4:09  SCV  
  49  4:10  SCV  
  49  4:17  Supply Depot  
  49  4:22  SCV x2  
  49  4:23  Marine  
  49  4:24  Marine  
  52  4:27  Marauder  
  54  4:31  Missile Turret  
  54  4:38  Supply Depot  
  54  4:39  SCV x2  
  54  4:41  Terran Infantry Weapons Level 1  
  56  4:47  Starport  
  56  4:48  Factory Reactor  
  56  4:52  SCV x2  
  58  4:55  Supply Depot  
  58  4:59  Marauder  
  60  5:01  Marauder  
  60  5:05  Refinery  
  60  5:06  SCV x2  
  64  5:11  Marine  
  64  5:12  Marine  
  66  5:15  Supply Depot  
  68  5:23  Supply Depot x2  
  68  5:26  Combat Shield  
  70  5:32  Marine x4  
  70  5:34  Medivac  
  72  5:39  Medivac  
  72  5:40  SCV x2  
  76  5:45  Supply Depot  
  76  5:46  Supply Depot  
  76  5:50  Marine x2, Marauder x2, Factory Reactor  
  79  6:01  SCV x2  
  81  6:04  Concussive Shells  
  81  6:06  Command Center  
  81  6:11  Marine x2  
  83  6:12  Marauder x2  
  87  6:19  SCV x2  
  87  6:24  Refinery, Barracks  
  87  6:25  Barracks  
  89  6:33  Supply Depot x2, Marine x2, Marauder  
  89  6:34  Marauder  
  89  6:36  Widow Mine  
  89  6:38  Widow Mine  
  99  6:41  Terran Infantry Armor Level 1  
  99  6:42  Medivac  
  101  6:47  SCV x2  
  101  6:52  Marine, Medivac  
  101  6:53  Marine  
  107  6:58  Marauder  
  107  6:59  SCV x2  
  107  7:00  Widow Mine  
  107  7:01  Widow Mine  
  115  7:05  Marauder  
  117  7:10  Marine x2  
  117  7:13  Barracks Tech Lab  
  117  7:14  Barracks Reactor  
  119  7:16  Missile Turret  
  119  7:18  Missile Turret  
  119  7:19  Orbital Command  
  119  7:22  SCV x2  
  121  7:25  Marauder  
  121  7:27  Marauder  
  127  7:30  Widow Mine x2  
  127  7:34  Marauder  
  127  7:36  Medivac  
  133  7:38  Medivac  
  133  7:41  SCV x2  
  137  7:45  Supply Depot  
  137  7:46  Supply Depot  
  137  7:47  Marine x2  
  137  7:51  Marauder x2  
  143  7:52  Marine x2  
  143  7:56  Widow Mine  
  143  7:57  Widow Mine  
  149  8:04  Supply Depot x2  
  149  8:07  Marauder, SCV x3  
  148  8:16  Liberator x2  
  146  8:22  Marine x4, Marauder x2  
  148  8:27  SCV x2  
  148  8:28  Marauder, SCV  
  148  8:30  Refinery x2  
  158  8:40  Starport  
  156  8:42  SCV  
  156  8:43  SCV x2  
  156  8:48  Factory Tech Lab  
  156  8:51  Marauder x3  
  156  8:53  Marine x4  
  159  8:59  Fusion Core  
  147  9:12  Marine x4, Marauder x3  
  161  9:21  Armory  
  161  9:22  Engineering Bay  
Tags
 
Add a new tag
Caveats
  • Supply blocks, unpowered buildings, or Contaminate may cause inaccurate times.
  • Supply counts are checked every 10 seconds.